AoeStats
← Adivian

Arabia

510313558Analyzed
1v1 RM · 3d ago on Sep 30, 2026· 47m 28s· 2 players
Game mode
Random Map
Map size
Tiny (2 player)
Population
200
Speed
Normal
Resources
Standard
Victory
Conquest
Starting age
Dark Age
Ending age
Imperial Age
RankedLock teamsTeams togetherTeam positionsShared explorationLock speedFull tech treeHidden civsTurbo modeCheats
Victory
Defeat
🇭🇰 Britons · Hong Kong SAR China
843
+17
🇬🇧 Vietnamese · United Kingdom
857
-43
Fung Gor
1:56 Loom
11:41 Feudal Age
12:55 Double-Bit Axe
17:44 Wheelbarrow
17:10 Horse Collar
17:44 Fletching
22:54 Castle Age
20:48 Gold Mining
22:20 Padded Archer Armor
22:33 Forging
22:55 Scale Barding Armor
25:28 Bow Saw
25:35 Stone Mining
25:59 Heavy Plow
28:49 Crossbowman
31:51 Husbandry
35:35 Imperial Age
35:58 Hand Cart
36:44 Conscription
37:37 Gold Shaft Mining
39:01 Two-Man Saw
37:58 Bodkin Arrow
38:18 Leather Archer Armor
38:52 Leather Archer Armor
39:14 Iron Casting
38:14 Cavalier
39:24 Ballistics
40:01 Chain Barding Armor
39:21 Arbalester
41:11 Bracer
42:12 Blast Furnace
42:46 Guilds
42:59 Yeomen
43:34 Plate Barding Armor
43:29 Ring Archer Armor
43:13 Warwolf
47:01 Light Cavalry
Adivian
1:01 Loom
12:29 Feudal Age
13:04 Double-Bit Axe
14:36 Horse Collar
19:48 Castle Age
20:04 Elite Skirmisher
21:45 Bow Saw
21:38 Heavy Plow
24:16 Fletching
24:26 Padded Archer Armor
23:58 Elite Skirmisher
25:10 Bodkin Arrow
27:24 Wheelbarrow
26:22 Crossbowman
30:24 Thumb Ring
30:28 Gold Mining
31:31 Pikeman
33:56 Stone Mining
35:45 Ballistics
37:58 Imperial Age
36:24 Stone Shaft Mining
36:32 Leather Archer Armor
36:28 Forging
36:23 Scale Barding Armor
36:20 Scale Mail Armor
36:27 Squires
36:13 Arson
37:53 Hand Cart
37:24 Town Watch
39:47 Chemistry
40:09 Two-Man Saw
40:25 Halberdier
40:55 Elite Rattan Archer
45:16 Imperial Skirmisher
Connection lost

Rejoining the realm…

Still unreachable

The connection could not be restored.

Session expired

The server has moved on; the page needs a fresh start.